 Dungeon Crawl Stone Soup version 0.21-a0-1-gaf3b9a5 (webtiles) character file.

67 Monsterracer the Slasher (level 4, -2/34 HPs)
             Began as a Barachi Gladiator on May 20, 2017.
             Killed from afar by Ijyb (6 damage)
             ... with a wand of lightning (?/15)
             ... on level 2 of the Dungeon.
             The game lasted 00:04:46 (1492 turns).

Monsterracer the Slasher (Barachi Gladiator)        Turns: 1492, Time: 00:04:47

Health: -2/34      AC:  6    Str: 16    XL:     4   Next: 18%
Magic:  4/4        EV: 12    Int: 10    God:
Gold:   66         SH:  0    Dex: 14    Spells: 3/3 levels left

rFire    . . .     SeeInvis .   a - +0 long sword
rCold    . . .     Gourm    .   (no shield)
rNeg     . . .     Faith    .   h - +0 ring mail
rPois    .         Spirit   .   c - +0 helmet
rElec    +         Reflect  .   (no cloak)
rCorr    .         Harm     .   (no gloves)
MR       .....                  (no boots)
Stlth    +.........             (no amulet)
Regen    0.2/turn               (no ring)
MPRegen  0.1/turn               (no ring)

@: slow
A: +LOS, swims, clever 1, electricity resistance, slowness 1, strong legs 1
a: Hop


You were on level 2 of the Dungeon.
You were hungry.

You visited 1 branch of the dungeon, and saw 2 of its levels.

You collected 66 gold pieces.

Inventory:

Hand Weapons
 a - a +0 long sword (weapon)
Missiles
 d - 3 throwing nets
 e - 42 stones (quivered)
Armour
 c - a +0 helmet (worn)
 h - a +0 ring mail (worn)
Scrolls
 b - 3 scrolls of identify {unknown}
 g - a scroll of amnesia {unknown}
 i - a scroll of teleportation {unknown}
 j - 2 scrolls of remove curse {unknown}
Potions
 k - a potion of mutation
Comestibles
 f - 3 bread rations


   Skills:
 - Level 2.4 Fighting
 + Level 5.9 Long Blades
 - Level 2.0 Throwing
 - Level 3.2 Dodging


You had 3 spell levels left.
You didn't know any spells.

Dungeon Overview and Level Annotations

Branches:
Dungeon (2/15)

Altars:

Annotations:
D:2 Ijyb


Innate Abilities, Weirdness & Mutations

Shadows flee at your approach. (+LOS)
You can swim through water.
You cover ground slowly.
You can hop short distances.
Your mind is acute. (Int +2)
You are resistant to electric shocks. (rElec)


Message History

* * * LOW HITPOINT WARNING * * *
You closely miss Ijyb.
Ijyb is severely wounded.
Ijyb hits you but does no damage.
You completely miss Ijyb.
Ijyb is severely wounded.
Ijyb screams, "You nasty!
Big nasty!"
Ijyb hits you.
* * * LOW HITPOINT WARNING * * *
Unknown command.
You barely miss Ijyb.
Ijyb is severely wounded.
Ijyb barely misses you.
Unknown command.
Okay, then.
You closely miss Ijyb.
Ijyb is severely wounded.
Ijyb screams, "Die!"
Ijyb zaps a wand.
The bolt of lightning hits you! You resist.
You die...

............ #.###....####.......
.##....#### #.# #....# ##.####..
###.#..# #.# #.#### #........
##.....# #.###.## #..######
#......#######.##...## #..#
#....#...............# #..# ####
#.#.##.#######.##....# .... ....
.....[.#######.###.#.# #.####...
....#...........@gg#.# #.####.#
...............###)..#.##>##...##
....#...##########.#.............
....##### #))#########...## #.###
#g.8.8.8.8.##.... #.#
#......g...##...# #.#
#.....g.g.)#..... #.#
#..........##.#)# ..# #.........$
#.#.#


You could see Ijyb and a goblin.

Vanquished Creatures
  An adder (D:2)
  An ooze (D:1)
  3 dart slugs
  A leopard gecko (D:1)
  3 giant cockroaches
  9 goblins
  3 hobgoblins
  7 jackals (D:1)
  2 quokkas (D:2)
  4 bats
  4 kobolds
  3 rats
41 creatures vanquished.

Vanquished Creatures (others)
  2 goblins (D:2)
2 creatures vanquished.

Grand Total: 43 creatures vanquished

Notes
Turn   | Place    | Note
-------+----------+-------------------------------------------
     0 | D:1      | Monsterracer the Barachi Gladiator began the quest for the Orb.
     0 | D:1      | Reached XP level 1. HP: 17/17 MP: 1/1
    99 | D:1      | Reached skill level 4 in Long Blades
   104 | D:1      | Reached XP level 2. HP: 19/23 MP: 2/2
   515 | D:1      | Reached XP level 3. HP: 28/28 MP: 3/3
   523 | D:1      | Reached skill level 5 in Long Blades
  1286 | D:2      | Reached XP level 4. HP: 29/34 MP: 4/4
  1342 | D:2      | Gained mutation: Your mind is acute. (Int +2) [potion of mutation]
  1342 | D:2      | Gained mutation: You are resistant to electric shocks. (rElec) [potion of mutation]
  1460 | D:2      | Noticed Ijyb
  1492 | D:2      | Killed from afar by Ijyb

Vault maps used:
D:1:      tarquinn_simple_flora_water_f
D:2:      kennysheep_the_goblin_king, minivault_14

Skill      XL: |  1  2  3 |
---------------+----------+-----
Long Blades    | 4 5 |  5.9
Fighting       | |  2.4
Throwing       | |  2.0
Dodging        | |  3.2

Action                   |  1- 3 |  4- 6 || total
-------------------------+-------+-------++-------
Melee: Long sword        |    69 |    32 ||   101
Throw: Stone             |     5 |       ||     5
  Use: Potion            |       |     1 ||     1
  Eat: Chunk             |     1 |     1 ||     2
Armor: Leather armour    |     8 |       ||     8
       Ring mail         |     8 |    12 ||    20
Dodge: Dodged            |    48 |    11 ||    59
       Rpst.: Long sword |    14 |     4 ||    18
